 Dungeon Crawl Stone Soup version 0.31-a0-187-gba352fbbf7 (webtiles) character file.

Game seed: 4662766699105612423

646 Dittersdorf the Covered (level 7, 0/44 HPs)
             Began as a Gargoyle Fighter on June 22, 2023.
             Was a Follower of Okawaru.
             Slain by a wyvern zombie (4 damage)
             ... on level 5 of the Dungeon.
             The game lasted 00:06:50 (3945 turns).

Dittersdorf the Covered (Gargoyle Fighter)          Turns: 3945, Time: 00:06:51

Health: 0/44       AC: 13    Str: 22    XL:     7   Next: 52%
Magic:  7/7        EV:  9    Int:  8    God:    Okawaru [*.....]
Gold:   208        SH:  4    Dex:  9    Spells: 6/6 levels left

rFire   + . .        a - +1 flail
rCold   . . .        c - +0 buckler
rNeg    + . .        b - +0 scale mail
rPois   ∞            s - +0 helmet
rElec   +            (no cloak)
rCorr   .            (no gloves)
SInv    .            (no boots)
Will    .....        (no amulet) Stlth
                     m - ring of protection from fire
HPRegen 0.27/turn    (no ring)
MPRegen 0.10/turn

%: no passive effects
@: no status effects
A: sickness immunity, AC +4, negative energy resistance 1, electricity
resistance, torment resistance 1, petrification resistance
a: Renounce Religion, Heroism


You were on level 5 of the Dungeon.
You worshipped Okawaru.
Okawaru was aware of your devotion.
You visited 1 branch of the dungeon, and saw 5 of its levels.

You collected 208 gold pieces.

Inventory:

Hand Weapons
 a - a +1 flail (weapon)
Missiles
 k - 4 curare-tipped darts (quivered)
Armour
 b - a +0 scale mail (worn)
 c - a +0 buckler (worn)
 n - a +0 plate armour
 s - a +0 helmet (worn)
Jewellery
 i - an amulet of faith
 m - a ring of protection from fire (left hand)
 t - an amulet of reflection
Scrolls
 f - a scroll of revelation
 j - 2 scrolls of teleportation
 q - a scroll of blinking
Potions
 d - 2 potions of might
 e - a potion of degeneration {unknown}
 g - a potion of invisibility
 h - a potion of enlightenment
 l - 2 potions of curing
 o - a potion of heal wounds
 p - a potion of haste


   Skills:
 + Level 5.4 Fighting
 + Level 4.3 Maces & Flails
 + Level 5.4 Armour
 + Level 5.4 Shields


You had 6 spell levels left.
You didn't know any spells.
Your spell library contained the following spells:

 Spells                   Type           Power      Damage    Failure   Level
 Freeze                   Ice            0%         1d3       78%         1
 Frozen Ramparts          Ice            0%         1d1       98%         3
 Hailstorm                Conj/Ice       0%         3d3       98%         3


Dungeon Overview and Level Annotations

Branches:
Dungeon (5/15)
 Temple: D:4-7

Altars:
Ashenzari
Elyvilon
Okawaru
Ru

Shops:
D:3 (


Innate Abilities, Weirdness & Mutations

You are immune to sickness and miasma.
Your stone body is resilient. (AC +4)
You are immune to poison.
You resist negative energy. (rN+)
You are resistant to electric shocks. (rElec)
You are resistant to unholy torment.
You are immune to petrification.


Message History

You are too injured to fight recklessly!
You are too injured to fight recklessly!
You are too injured to fight recklessly!
You are too injured to fight recklessly!
You are too injured to fight recklessly!
You are too injured to fight recklessly!
You are too injured to fight recklessly!
You are too injured to fight recklessly!
You are too injured to fight recklessly!
You are too injured to fight recklessly!
You are too injured to fight recklessly!
You hit the wyvern zombie but do no damage.
The wyvern zombie is heavily damaged.
The wyvern zombie bites you but does no damage. x2
You hit the wyvern zombie but do no damage.
The wyvern zombie is heavily damaged.
The wyvern zombie barely misses you.
You hit the wyvern zombie.
The wyvern zombie is heavily damaged.
The wyvern zombie bites you but does no damage. x2
You hit the wyvern zombie.
The wyvern zombie is heavily damaged.
The wyvern zombie closely misses you. The wyvern zombie bites you!
* * * LOW HITPOINT WARNING * * *
You hit the wyvern zombie.
The wyvern zombie is severely damaged.
You block the wyvern zombie's attack.
You thump the wyvern zombie!
The wyvern zombie is almost destroyed.
The wyvern zombie bites you but does no damage.
The wyvern zombie barely misses you.
You barely miss the wyvern zombie.
The wyvern zombie is almost destroyed.
The wyvern zombie barely misses you.
You barely miss the wyvern zombie.
The wyvern zombie is almost destroyed.
The wyvern zombie bites you!
* * * LOW HITPOINT WARNING * * *
The wyvern zombie bites you.
You die...

########
##......#####.#...
#.....#...@Z....♣
#.....#######..♣♣
#.....# ..♣
#.....###### .
#..........#
###>.#####.# #
#...#### .. ##
#.#....# ... #.
#...##.# .... .


You could see a wyvern zombie.

Vanquished Creatures
  An ogre (D:4)
  A phantom (D:4)
  A hound (D:5)
  2 sleepcaps (D:5)
  5 iguanas
  2 orc wizards (D:4)
  Robin (D:3)
  9 adders
  A gnoll (D:1)
  An ufetubus (D:5)
  4 dart slugs
  8 orcs
  8 endoplasms
  3 giant cockroaches
  7 hobgoblins
  6 jackals
  5 quokkas
  5 ball pythons
  5 bats
  5 frilled lizards
  18 goblins
  7 kobolds
  6 rats
111 creatures vanquished.

Notes
Turn   | Place    | Note
-------+----------+-------------------------------------------
     0 | D:1      | Dittersdorf the Gargoyle Fighter began the quest for the
                  | Orb.
     0 | D:1      | Reached XP level 1. HP: 14/14 MP: 1/1
   165 | D:1      | Found a faded altar of an unknown god.
   173 | D:1      | Reached XP level 2. HP: 19/19 MP: 2/2
   245 | D:1      | Reached XP level 3. HP: 23/23 MP: 3/3
   943 | D:2      | Reached XP level 4. HP: 28/29 MP: 4/4
  1154 | D:2      | Found an iron altar of Okawaru.
  1293 | D:2      | Became a worshipper of Warmaster Okawaru
  1663 | D:3      | Found Raesch's Weapon Emporium.
  2118 | D:4      | Reached XP level 5. HP: 33/33 MP: 5/5
  2240 | D:4      | Noticed Robin
  2262 | D:3      | Killed Robin
  2644 | D:4      | Found a broken altar of Ashenzari.
  2677 | D:4      | Noticed a phantom
  2687 | D:4      | Killed a phantom
  2688 | D:4      | Reached XP level 6. HP: 36/39 MP: 6/6
  3154 | D:4      | Found a sacrificial altar of Ru.
  3449 | D:5      | Entered Level 5 of the Dungeon
  3555 | D:5      | Reached skill level 5 in Fighting
  3555 | D:5      | Reached skill level 5 in Armour
  3570 | D:4      | Reached skill level 5 in Shields
  3585 | D:4      | Reached XP level 7. HP: 31/44 MP: 7/7
  3639 | D:4      | Reached * piety under Okawaru
  3881 | D:5      | Found a white marble altar of Elyvilon.
  3945 | D:5      | Slain by a wyvern zombie

Illustrated notes

Levels and vault maps discovered:
D:1:      dpeg_arrival_lava_temple_mockup, layout_basic,
          dreamdust_ecumenical_altar_statues, st_stairs_11
D:2:      layout_rooms, basic_altar, hex_large, serial_bayou_ford_a,
          minmay_tromino_i4
D:3:      layout_basic, serial_shops, nicolae_shop_just_a_little_nook
D:4:      corexii_shack_village, layout_loops_ring, ashenzari_altar_1,
          mainiacjoe_overflow_small_starburst, uniq_robin
D:5:      layout_loops_cross, lemuel_doored_altar, kennysheep_mini_moat,
          nicolae_yredelemnul_corpse_copse

Skill      XL: |  1  2  3  4  5  6 |
---------------+-------------------+-----
Armour         | 4 5 |  5.4
Fighting       | 4 5 |  5.4
Shields        | 4 5 |  5.4
Maces & Flails | 3 4 |  4.3

Action                     |  1- 3 |  4- 6 |  7- 9 || total
---------------------------+-------+-------+-------++-------
  Melee: Flail             |    94 |   248 |    60 ||   402
  Throw: Dart              |       |       |     3 ||     3
    Use: Scroll            |       |    13 |       ||    13
 Armour: Scale mail        |    78 |   164 |    31 ||   273
  Dodge: Dodged            |    60 |   137 |    29 ||   226
  Block: Buckler           |    27 |    62 |     8 ||    97

Table legend: (Time is in decaauts)
 A = Elapsed time spent in this place.
 B = Non-inter-level travel time spent in this place.
 C = Inter-level travel time spent in this place.
 D = Time resting spent in this place.
 E = Time spent auto-exploring this place.
 F = Levels seen in this place.
 G = Mean time per level.
                   A        B        C        D        E       F      G
               +--------+--------+--------+--------+--------+-----+--------+
         Total |   4064 |   3881 |    183 |    460 |   2493 |   5 |  812.8 |
       Dungeon |   4064 |   3881 |    183 |    460 |   2493 |   5 |  812.8 |
               +--------+--------+--------+--------+--------+-----+--------+

Top non-repeatable levels by time:
     D:4: 1266 daAuts
     D:3: 944 daAuts
     D:1: 822 daAuts
     D:2: 660 daAuts
     D:5: 370 daAuts
